 Dungeon Crawl Stone Soup version 0.32-a0-135-g14f8b2e1af (webtiles) character file.

Game seed: 17353436050269570190

188064 Amplified the Severer (level 17, 0/145 HPs)
             Began as a Minotaur Alchemist on Jan 18, 2024.
             Was a High Priest of Hepliaklqana.
             Killed by angry trees
             ... awakened by a spriggan druid
              (12 damage)
             ... on level 3 of the Swamp on Feb 10, 2024.
             The game lasted 01:12:52 (28120 turns).

Amplified the Severer (Minotaur Alchemist)         Turns: 28120, Time: 01:12:53

Health: 0/145      AC: 26    Str: 21    XL:     17   Next: 7%
Magic:  27/27      EV: 15    Int: 15    God:    Hepliaklqana [*****.]
Gold:   1742       SH: 12    Dex: 11    Spells: 12/18 levels left

rFire   + . .        q - +5 broad axe (spect)
rCold   + . .        M - +1 buckler {rC+ rF+}
rNeg    + . .        N - +2 storm dragon scales
rPois   +            w - +2 hat {Int+3}
rElec   +            (no cloak)
rCorr   .            D - +1 pair of gloves
SInv    .            Y - +0 pair of boots {Fly}
Will    ++...        C - amulet "Dufec" {Reflect rN+ SH+5}
Stlth   +            v - +5 ring of evasion
HPRegen 0.44/turn    A - +4 ring of slaying
MPRegen 0.20/turn

%: reflection
@: flying, studying 3 skills
A: reduced essence, horns 2, retaliatory headbutt, strong-willed 1, poison
resistance, MP-powered wands
}: 1/15 runes: decaying
a: Renounce Religion, Recall Ancestor, Ancestor Identity, Transference, Idealise


You were on level 3 of the Swamp.
You worshipped Hepliaklqana.
Hepliaklqana was extremely pleased with you.
You visited 4 branches of the dungeon, and saw 26 of its levels.
You also visited: Gauntlet.

You collected 3180 gold pieces.
You spent 1438 gold pieces at shops.

Inventory:

Hand Weapons
 p - a +3 broad axe of flaming
 q - a +5 spectral broad axe (weapon)
 X - the +5 war axe "Koliaz" {spect, Str+8}
   (You found it in a Gauntlet)

   Str+8:     It affects your strength (+8).
Missiles
 g - 80 poisoned darts
 l - 7 curare-tipped darts
 E - a throwing net (quivered)
Armour
 a - a +4 scale mail of willpower
 w - a +2 hat of intelligence (worn)
 D - a +1 pair of gloves (worn)
 M - a +1 buckler of resistance (worn)
 N - +2 storm dragon scales (worn)
 T - +0 shadow dragon scales
 Y - a +0 pair of boots of flying (worn)
Jewellery
 v - a +5 ring of evasion (left hand)
 A - a +4 ring of slaying (right hand)
 C - the amulet "Dufec" (around neck) {Reflect rN+ SH+5}
   (You found it on level 5 of the Lair of Beasts)

   [amulet of reflection]

   Reflect:   It reflects blocked missile attacks.
   rN+:       It protects you from negative energy.
   SH+5:      It affects your SH (+5).
 P - the amulet of Ninefug {Harm rElec rF+ Regen+ Int+3}
   (You found it in a Gauntlet)

   [amulet of regeneration]

   Int+3:     It affects your intelligence (+3).
   rF+:       It protects you from fire.
   rElec:     It insulates you from electricity.
   Regen+:    It increases your rate of health regeneration.
   Harm:      It increases damage dealt and taken.
Talismans
 d - a dragon-blood talisman
Wands
 r - a wand of polymorph (7)
 u - a wand of digging (7)
 y - a wand of roots (23)
 I - a wand of mindburst (5)
 J - a wand of light (15)
 O - a wand of charming (25)
 Z - a wand of flame (12)
Scrolls
 c - 2 scrolls of silence
 e - 3 scrolls of amnesia
 f - 6 scrolls of noise
 i - 3 scrolls of butterflies
 j - 8 scrolls of identify
 s - a scroll of brand weapon
 t - a scroll of vulnerability
 H - 2 scrolls of fog
 K - 2 scrolls of poison
 R - 3 scrolls of immolation
Potions
 m - 2 potions of magic
 n - 9 potions of enlightenment
 B - 4 potions of attraction
 F - 3 potions of brilliance
 G - a potion of mutation
 L - 2 potions of lignification
 Q - a potion of cancellation
Miscellaneous
 h - a tin of tremorstones (inert)
 S - a lightning rod (4/4)
 U - a phial of floods
 V - a phantom mirror (inert)
 W - a sack of spiders


   Skills:
 + Level 17.5 Fighting
 - Level 19.1(19.3) Axes
 - Level 2.6(12.8) Maces & Flails
 - Level 4.0(13.1) Polearms
 * Level 16.7 Armour
 - Level 6.3 Dodging
 * Level 10.8 Stealth
 * Level 11.9 Shields
 - Level 1.3 Spellcasting
 - Level 0.6 Conjurations
 - Level 2.1 Alchemy
 * Level 14.8 Invocations


You had 12 spell levels left.
You knew the following spells:

 Your Spells              Type           Power      Damage    Failure   Level
a - Sting                 Conj/Alch      20%        1d4       56%         1
b - Mercury Vapours       Alch/Air       8%         N/A       75%         2
c - Mephitic Cloud        Conj/Alch/Air  3%         N/A       94%         3

Your spell library contained the following spells:

 Spells                   Type           Power      Damage    Failure   Level
 Magic Dart               Conj           8%         1d3       67%         1
 Foxfire                  Conj/Fire      4%         2x1d4     73%         1
 Kiss of Death            Conj/Necr      4%         2d5       73%         1
 Apportation              Tloc           2%         N/A       77%         1
 Necrotise                Necr           4%         1d4       77%         1
 Summon Small Mammal      Summ           4%         N/A       77%         1
 Cigotuvi's Dreadful Rot  Necr/Alch/Air  6%         N/A       80%         2
 Searing Ray              Conj           4%         2d4       82%         2
 Jinxbite                 Hex            2%         N/A       88%         2
 Dazzling Flash           Conj/Hex       2%         N/A       97%         3
 Hailstorm                Conj/Ice       1%         3d5       97%         3
 Call Canine Familiar     Summ           1%         N/A       98%         3
 Confusing Touch          Hex            1%         N/A       98%         3
 Frozen Ramparts          Ice            2%         1d1       98%         3
 Sigil of Binding         Hex            1%         N/A       98%         3
 Volatile Blastmotes      Fire/Tloc      2%         2d10      98%         3
 Olgreb's Toxic Radiance  Alch           7%         N/A       99%         4
 Cause Fear               Hex            0%         N/A       100%        4
 Dimensional Bullseye     Hex/Tloc       0%         N/A       100%        4
 Dispel Undead            Necr           1%         3d6       100%        4
 Fulminant Prism          Conj/Alch      2%         3d5       100%        4
 Ignite Poison            Fire/Alch      4%         N/A       100%        4
 Leda's Liquefaction      Alch/Erth      2%         N/A       100%        4
 Petrify                  Alch/Erth      4%         N/A       100%        4
 Sticky Flame             Fire/Alch      4%         2d4       100%        4
 Alistair's Intoxication  Alch           4%         N/A       100%        5
 Fireball                 Conj/Fire      0%         3d3       100%        5
 Freezing Cloud           Conj/Ice/Air   0%         6-21      100%        5
 Irradiate                Conj/Alch      2%         3d12      100%        5
 Metabolic Englaciation   Hex/Ice        0%         N/A       100%        5
 Summon Forest            Summ/Tloc      0%         N/A       100%        5
 Summon Mana Viper        Hex/Summ       1%         N/A       100%        5
 Plasma Beam              Fire/Air       0%         2x1d10    100%        6
 Sculpt Simulacrum        Ice/Alch       2%         N/A       100%        6
 Starburst                Conj/Fire      0%         6d3       100%        6
 Summon Cactus Giant      Summ           0%         N/A       100%        6
 Ozocubu's Refrigeration  Ice            0%         4d7       100%        7
 Maxwell's Capacitive Co  Air            0%         ∞         100%        8
 Dragon's Call            Summ           0%         N/A       100%        9
 Polar Vortex             Ice            0%         N/A       100%        9


Dungeon Overview and Level Annotations

Branches:
Dungeon (15/15)            Temple (0/1) D:7            Lair (5/5) D:9
  Swamp (4/4) Lair:3       Spider (0/4) Lair:3        Slime (0/5) Lair:5
    Orc (2/2) D:10            Elf (0/3) Orc:2        Vaults (0/5) D:14
 Depths (0/4) D:15        Gauntlet (visited)

Altars:
Ashenzari
Cheibriados
Hepliaklqana
Kikubaaqudgha
Makhleb
Nemelex Xobeh
Qazlal
Sif Muna
Trog
Wu Jian
Xom
Yredelemnul
Zin
Jiyva

Shops:
D:11 !   Orc:2 **

Annotations:
Lair:4 1 runed translucent door, Rankomyk's ghost, journeyman VSEn


Innate Abilities, Weirdness & Mutations

Your life essence is reduced to manifest your ancestor. (-10% HP)
You have a pair of horns on your head.
You reflexively headbutt those who attack you in melee.
You are strong-willed. (Will+)
Your system is resistant to poisons. (rPois)
You expend magic power (3 MP) to strengthen your wands.


Message History

Your butterfly disappears in a burst of colours!
Unknown command.
Unknown command.
Your butterfly is waved at by a branch.
A root smacks your butterfly from below!
Your butterfly dies!
Your butterfly disappears in a burst of colours!
A tree reaches out and hits your butterfly!
Your butterfly dies!
Your butterfly disappears in a burst of colours!
A root smacks your butterfly from below!
Your butterfly dies!
Your butterfly disappears in a burst of colours!
A tree reaches out and hits your butterfly!
Your butterfly dies!
Your butterfly disappears in a burst of colours!
A root smacks you from below!
* * * LOW HITPOINT WARNING * * *
A tree reaches out and hits your butterfly!
Your butterfly dies!
Your butterfly disappears in a burst of colours!
A tree reaches out and hits your butterfly!
Your butterfly dies!
Your butterfly disappears in a burst of colours!
The spriggan completely misses your butterfly.
The spriggan druid barely misses your butterfly.
Unknown command.
The trees move their gnarly branches around.
Your butterfly is hit by a branch!
Your butterfly dies!
Your butterfly disappears in a burst of colours!
A tree reaches out and hits your butterfly!
Your butterfly dies!
Your butterfly disappears in a burst of colours!
Your butterfly is hit by a branch!!
Your butterfly dies!
Your butterfly disappears in a burst of colours!
You are hit by a branch!
You die...
Hepliaklqana delivers you to your ancestors.

.. ∩.§ ~. .~.. ♣.
~~..♣ ♣♣♣.[....♣.
...~. ♣.. ..~$.~
♣.P♣♣♣♣♣.♣♣(§...♣♣
♣.P♣♣...♣♣~...~♣
♣@.♣.i.♣~....~♣
♣♣.i~x........♣
♣♣..bxi~b..♣.♣
♣....bi~~§~.♣
♣.~bFbbw†♣..♣♣
♣~b.~~...♣♣♣♣
♣.~....§~.~♣
♣....~♣~~b$♣
♣...!..~~.~.


You could see 2 bunyips, a tyrant leech, a spriggan druid, a goliath frog (ally
target) and 2 spriggans.

Vanquished Creatures
  Rupert (D:15)
  Gastronok (D:10)
  A storm dragon (D:13)
  2 tengu reavers (D:13)
  The ghost of antlorb the Peltast, a journeyman MiFi of Uskayaw (D:14)
  An orc warlord (Orc:1)
  An eleionoma (Swamp:1)
  A minotaur (Gauntlet)
  A bunyip (Swamp:4)
  The ghost of AzureDraco the Protected, a journeyman DsFi of Lugonu (Orc:1)
  An ettin (D:13)
  A fire dragon (D:13)
  Josephine (D:14)
  A vault guard (D:14)
  A catoblepas (Lair:3)
  17 hydras
  5 centaur warriors
  7 alligators
  A spriggan air mage (Swamp:2)
  8 boulder beetles
  4 two-headed ogres
  8 death yaks (Lair:3)
  A death knight (D:15)
  2 deep troll earth magi
  A tengu warrior (Gauntlet)
  3 orc high priests (Orc:2)
  Amaemon (Lair:3)
  4 goliath frogs
  5 skeletal warriors
  An arcanist (D:15)
  A fire crab (Gauntlet)
  3 spriggan druids
  A harpy (shapeshifter) (D:13)
  A phantasmal warrior (D:13)
  4 bog bodies
  13 swamp dragons
  3 orc knights
  5 ugly things (D:14)
  3 manticores
  6 orc sorcerers
  4 cyclopes
  14 elephants
  A meliai (Lair:3)
  4 will-o-the-wisps
  2 black mambas
  2 torpor snails
  6 cane toads
  2 gargoyles
  2 unseen horrors
  4 komodo dragons
  3 rime drakes
  An efreet (D:13)
  A freezing wraith (D:15)
  A tengu conjurer (Gauntlet)
  2 kobold demonologists
  5 trolls
  9 hornets
  6 polar bears
  3 tyrant leeches
  3 dream sheep (Lair:5)
  Grinder (D:3)
  3 blink frogs (Lair:4)
  2 culicivoras (shapeshifter)
  A water elemental (D:15)
  5 slime creatures
  A shadow (D:13)
  21 spriggans
  6 centaur simulacra
  11 wraiths
  34 yaks
  7 basilisks
  2 wyverns
  3 fire bats (Gauntlet)
  A steam dragon (Lair:3)
  8 wargs (Orc:2)
  14 swamp worms
  A hell hound (Gauntlet)
  8 water moccasins
  7 swamp drakes
  18 orc warriors
  A sky beast (Lair:4)
  3 laughing skulls
  32 wolves
  4 ogres
  3 boggarts (Lair:5)
  12 centaurs
  2 phantoms
  2 kobold brigands
  14 bullfrogs
  2 scorpions (D:6)
  A cane toad simulacrum (Gauntlet)
  2 gnoll sergeants
  4 wights
  9 killer bees
  2 electric eels (D:15)
  2 howler monkeys
  3 hounds
  25 orc priests
  A spectral orc (Orc:1)
  Terence (D:3)
  41 orc wizards
  3 gnolls (D:9)
  6 adders
  An ogre simulacrum (Orc:1)
  A shadow imp (D:7)
  2 ufetubi (D:6)
  A ribbon worm (D:2)
  3 dart slugs
  78 orcs
  5 ball pythons
  An endoplasm (D:3)
  4 giant cockroaches
  7 goblins
  4 hobgoblins
  23 kobolds
  3 quokkas
  7 bats
  5 frilled lizards
  8 rats
681 creatures vanquished.

Vanquished Creatures (collateral kills)
  the Lernaean hydra (Swamp:4)
  A fenstrider witch (Swamp:4)
  A frost giant (D:13)
  2 eleionomae
  2 bunyips
  A catoblepas (D:13)
  3 hydras
  A centaur warrior (D:13)
  2 two-headed ogres
  A deep troll earth mage (D:15)
  A tengu warrior (D:13)
  A death yak (Lair:3)
  An orc high priest (Orc:2)
  3 skeletal warriors
  A skyshark (Lair:3)
  A goliath frog (Swamp:4)
  A glowing orange brain (D:14)
  A swamp dragon (Swamp:4)
  An orc knight (Orc:1)
  A manticore (D:13)
  10 elephants
  A black mamba (shapeshifter) (D:13)
  An orange demon (Lair:2)
  A black mamba (Lair:1)
  A gargoyle (D:12)
  3 cane toads
  A kobold demonologist (D:10)
  Jeremiah (D:8)
  Psyche (D:10)
  A freezing wraith (D:15)
  A komodo dragon (Lair:5)
  2 polar bears (Lair:5)
  4 trolls
  2 tyrant leeches
  A hornet (Lair:5)
  3 dream sheep (Lair:5)
  3 slime creatures
  13 yaks
  Sigmund (D:3)
  4 spriggans (Lair:5)
  2 shadows
  A spectral kobold (Orc:1)
  A warg (Orc:1)
  Edmund (D:5)
  A swamp worm (Swamp:3)
  3 water moccasins
  6 orc warriors
  An ice beast (D:8)
  2 black bears
  3 swamp drakes
  5 wolves
  2 boggarts (Lair:5)
  A phantom (D:5)
  A spectral cyclops (Orc:1)
  4 kobold brigands
  A spectral warg (Orc:1)
  4 bullfrogs
  2 scorpions
  3 wights
  A killer bee (D:11)
  A howler monkey (D:6)
  A hound (D:6)
  7 orc priests
  2 sleepcaps (D:5)
  Natasha (D:3)
  12 orc wizards
  8 gnolls
  2 adders
  A white imp (D:7)
  2 ufetubi (D:6)
  2 ribbon worms
  27 orcs
  An orc simulacrum (Orc:1)
  A goblin (D:2)
  A hobgoblin (D:2)
  5 kobolds
  A frilled lizard (D:2)
202 creatures vanquished.

Vanquished Creatures (others)
  An occultist (D:13)
  An orc warrior (Orc:1)
  A black bear (Lair:5)
  A centaur (D:13)
  An orc wizard (Orc:1)
  27 hexers
  2 ancestors
  An orc (Orc:1)
  8 foxfires
  A spectral weapon (Swamp:1)
44 creatures vanquished.

Grand Total: 927 creatures vanquished

Notes
Turn   | Place    | Note
-------+----------+-------------------------------------------
     0 | D:1      | Amplified the Minotaur Alchemist began the quest for the
                  | Orb.
     0 | D:1      | Reached XP level 1. HP: 14/14 MP: 1/1
    58 | D:1      | Reached skill level 1 in Fighting
    58 | D:1      | Reached skill level 1 in Armour
   162 | D:1      | Reached XP level 2. HP: 11/23 MP: 0/3
   868 | D:1      | Reached skill level 1 in Polearms
   903 | D:2      | Reached XP level 3. HP: 29/29 MP: 4/4
   910 | D:2      | You fall into a shaft and drop 2 floors!
   928 | D:4      | Noticed an ogre
   951 | D:4      | Found a hazy altar of Hepliaklqana.
   961 | D:4      | Became a worshipper of Hepliaklqana the Forgotten
   972 | D:4      | Noticed a scorpion
  1061 | D:4      | Reached XP level 4. HP: 16/37 MP: 2/5
  1142 | D:3      | Noticed Grinder
  1150 | D:3      | Learned a level 2 spell: Mercury Vapours
  1170 | D:3      | Noticed Terence
  1188 | D:3      | Killed Terence
  1189 | D:3      | Reached skill level 1 in Invocations
  1198 | D:3      | Identified the +2 leather armour of Jiff {Rampage rCorr
                  | MP+9 Slay-3}
  1226 | D:3      | Found a sparkling altar of Nemelex Xobeh.
  1229 | D:3      | Noticed Sigmund
  1623 | D:2      | Reached * piety under Hepliaklqana
  1732 | D:2      | Reached XP level 5. HP: 40/40 MP: 6/6
  2310 | D:3      | Paralysed by Grinder for 2 turns
  2327 | D:3      | Paralysed by Grinder for 4 turns
  2337 | D:3      | Paralysed by Grinder for 3 turns
  2340 | D:3      | Gained mutation: You sometimes lose your temper in combat.
                  | [potion of mutation]
  2340 | D:3      | Gained mutation: Your skin changes colour to match your
                  | surroundings (Stealth+). [potion of mutation]
  2340 | D:3      | Gained mutation: You are resistant to electric shocks.
                  | (rElec) [potion of mutation]
  2356 | D:3      | Killed Grinder
  2357 | D:3      | Reached XP level 6. HP: 24/46 MP: 0/7
  2579 | D:3      | Noticed Natasha
  2586 | D:3      | Killed Natasha
  2761 | D:3      | Killed Sigmund
  2762 | D:3      | Reached XP level 7. HP: 48/54 MP: 1/8
  3243 | D:4      | Reached ** piety under Hepliaklqana
  3244 | D:4      | Upgraded the game from 0.32-a0-22-g6ae6769602 to
                  | 0.32-a0-32-g978bd804de
  3244 | D:4      | Upgraded the game from 0.32-a0-32-g978bd804de to
                  | 0.32-a0-39-g5c88369fb2
  3301 | D:4      | Found an ancient bone altar of Kikubaaqudgha.
  3313 | D:4      | Remembered your ancestor Qinisela as a hexer
  3336 | D:4      | Reached skill level 1 in Maces & Flails
  3688 | D:5      | Entered Level 5 of the Dungeon
  3736 | D:5      | Reached skill level 5 in Fighting
  3791 | D:5      | Found a shimmering altar of Xom.
  3935 | D:5      | Reached skill level 5 in Armour
  4014 | D:5      | Reached skill level 1 in Axes
  4070 | D:5      | Noticed Edmund
  4079 | D:5      | Killed Edmund
  4080 | D:5      | Reached XP level 8. HP: 58/63 MP: 7/10
  4161 | D:5      | Found a snail-covered altar of Cheibriados.
  4339 | D:5      | Reached skill level 2 in Axes
  4784 | D:6      | Reached skill level 3 in Axes
  4888 | D:6      | Reached *** piety under Hepliaklqana
  4907 | D:6      | Reached skill level 5 in Invocations
  4963 | D:6      | Reached skill level 4 in Axes
  5339 | D:6      | Reached XP level 9. HP: 27/71 MP: 12/12
  5704 | D:7      | Reached skill level 5 in Axes
  5977 | D:7      | Found a staircase to the Ecumenical Temple.
  6180 | D:7      | Noticed a boulder beetle
  6186 | D:7      | Noticed a two-headed ogre
  6247 | D:7      | Reached skill level 6 in Axes
  6258 | D:7      | Upgraded the game from 0.32-a0-39-g5c88369fb2 to
                  | 0.32-a0-135-g14f8b2e1af
  6383 | D:7      | Learned a level 3 spell: Mephitic Cloud
  6534 | D:7      | Killed a boulder beetle
  6768 | D:8      | Reached skill level 7 in Axes
  6974 | D:8      | Identified the +0 ring mail "Qoluaqug" {Will+ Stlth+}
  7006 | D:8      | Noticed Jeremiah
  7040 | D:8      | Killed Jeremiah
  7041 | D:8      | Reached XP level 10. HP: 81/81 MP: 7/14
  7149 | D:8      | Reached **** piety under Hepliaklqana
  7460 | D:8      | Found a faded altar of an unknown god.
  7460 | D:8      | Found a burning altar of Makhleb.
  7467 | D:8      | Found a bloodstained altar of Trog.
  7469 | D:8      | Found a broken altar of Ashenzari.
  7471 | D:8      | Found a basalt altar of Yredelemnul.
  7594 | D:9      | Found a staircase to the Lair.
  7658 | D:7      | Killed a two-headed ogre
  7659 | D:7      | Reached skill level 10 in Fighting
  7659 | D:7      | Reached skill level 8 in Axes
  8154 | D:9      | Noticed a two-headed ogre
  8310 | D:9      | Found a glowing silver altar of Zin.
  8482 | D:9      | Noticed a two-headed ogre
  8493 | D:9      | Killed a two-headed ogre
  8494 | D:9      | Reached skill level 9 in Axes
  8540 | D:9      | Killed a two-headed ogre
  8541 | D:9      | Reached XP level 11. HP: 90/90 MP: 16/16
  8546 | D:10     | Entered Level 10 of the Dungeon
  8716 | D:10     | Noticed Psyche
  8796 | D:10     | Killed Psyche
  8994 | D:10     | Noticed a boulder beetle
  9210 | D:10     | Lost mutation: You are resistant to electric shocks.
                  | (rElec) [potion of mutation]
  9210 | D:10     | Lost mutation: Your skin changes colour to match your
                  | surroundings (Stealth+). [potion of mutation]
  9210 | D:10     | Lost mutation: You sometimes lose your temper in combat.
                  | [potion of mutation]
  9210 | D:10     | Gained mutation: You are strong-willed. (Will+) [potion of
                  | mutation]
  9210 | D:10     | Gained mutation: You expend magic power (3 MP) to
                  | strengthen your wands. [potion of mutation]
  9210 | D:10     | Gained mutation: Your system is resistant to poisons.
                  | (rPois) [potion of mutation]
  9292 | D:10     | Killed a boulder beetle
  9329 | D:10     | Found an ornate altar of the Wu Jian Council.
  9543 | D:10     | Noticed Gastronok
  9555 | D:10     | Killed Gastronok
  9556 | D:10     | Reached skill level 10 in Axes
  9729 | D:10     | Found a staircase to the Orcish Mines.
 10216 | D:11     | Noticed a boulder beetle
 10253 | D:11     | Killed a boulder beetle
 10345 | D:11     | Noticed a two-headed ogre
 10353 | D:11     | Killed a two-headed ogre
 10354 | D:11     | Reached skill level 10 in Invocations
 10730 | D:11     | Reached ***** piety under Hepliaklqana
 10765 | D:11     | Reached skill level 11 in Axes
 10956 | D:11     | Found Deci's Distillery.
 10964 | D:11     | Bought a potion of might for 56 gold pieces
 10964 | D:11     | Bought a potion of invisibility for 112 gold pieces
 10964 | D:11     | Bought a potion of curing for 42 gold pieces
 10964 | D:11     | Bought a potion of brilliance for 56 gold pieces
 10964 | D:11     | Bought a potion of mutation for 112 gold pieces
 11149 | Orc:1    | Entered Level 1 of the Orcish Mines
 11159 | Orc:1    | Noticed an orc sorcerer
 11162 | Orc:1    | Noticed an orc warlord
 11264 | D:12     | Reached XP level 12. HP: 39/101 MP: 18/18
 11496 | D:12     | Identified the +0 robe of Sloth {Str+3 Int+3 Dex-2 Stlth+}
 12133 | D:12     | Found an ornate altar of the Wu Jian Council.
 12417 | D:13     | Noticed a centaur warrior
 12423 | D:13     | Killed a centaur warrior
 12424 | D:13     | Reached skill level 1 in Shields
 12561 | D:13     | Noticed a centaur warrior
 12569 | D:13     | Killed a centaur warrior
 12574 | D:13     | Noticed a boulder beetle
 12575 | D:13     | Noticed a centaur warrior
 12575 | D:13     | Noticed a deep troll earth mage
 12578 | D:13     | Noticed a boulder beetle
 12690 | D:13     | Noticed a tengu reaver
 12791 | Lair:1   | Entered Level 1 of the Lair of Beasts
 12843 | Lair:4   | Noticed Sonja
 12844 | Lair:4   | Noticed a four-headed hydra
 12846 | Lair:4   | Sonja changed into Sonja the sky beast
 12846 | Lair:4   | Noticed Sonja
 12851 | Lair:4   | Killed Sonja the sky beast
 12856 | Lair:4   | Killed a four-headed hydra
 12857 | Lair:4   | Reached skill level 12 in Axes
 12927 | Lair:5   | Entered Level 5 of the Lair of Beasts
 12927 | Lair:5   | Noticed a five-headed hydra
 13059 | Lair:5   | Noticed a four-headed hydra
 13089 | Lair:5   | Found a viscous altar of Jiyva.
 13090 | Lair:5   | Found a staircase to the Slime Pits.
 13164 | Lair:5   | Reached skill level 5 in Shields
 13242 | Lair:5   | Reached XP level 13. HP: 51/111 MP: 20/20
 13476 | Lair:5   | Reached skill level 13 in Axes
 13689 | Lair:5   | Got an earthy gem with 2854 turns to spare
 13691 | Lair:5   | Identified the amulet "Dufec" {Reflect rN+ SH+5}
 13949 | Lair:5   | Reached skill level 14 in Axes
 14942 | Lair:4   | Reached skill level 15 in Fighting
 15306 | Lair:4   | Found a stormy altar of Qazlal.
 15322 | Lair:4   | Reached skill level 15 in Axes
 15367 | Lair:4   | Found a runed translucent door.
 15370 | Lair:4   | Noticed Rankomyk's ghost (journeyman VSEn)
 15371 | Lair:4   | Identified the +10 spear of the Swamp {freeze, Int+2}
 15487 | Lair:3   | Noticed Amaemon
 15504 | Lair:3   | Killed Amaemon
 15576 | Lair:2   | Reached XP level 14. HP: 80/121 MP: 22/22
 16581 | Lair:1   | Reached skill level 16 in Axes
 17458 | D:13     | Reached skill level 17 in Axes
 17502 | D:13     | Noticed a storm dragon
 17796 | Orc:2    | Entered Level 2 of the Orcish Mines
 18299 | Orc:2    | Found a staircase to the Elven Halls.
 18380 | Orc:2    | Reached skill level 18 in Axes
 18393 | Orc:2    | Found Werrer's Distillery.
 18417 | Orc:2    | Bought a potion of heal wounds for 60 gold pieces
 18417 | Orc:2    | Bought 2 potions of heal wounds for 120 gold pieces
 18417 | Orc:2    | Bought a potion of heal wounds for 60 gold pieces
 18417 | Orc:2    | Bought 2 potions of enlightenment for 120 gold pieces
 18417 | Orc:2    | Bought a potion of enlightenment for 60 gold pieces
 18417 | Orc:2    | Bought a potion of enlightenment for 60 gold pieces
 18417 | Orc:2    | Bought a potion of curing for 36 gold pieces
 18417 | Orc:2    | Bought a potion of curing for 36 gold pieces
 18513 | Orc:2    | Found Gafu's Assorted Antiques.
 18831 | Orc:2    | Bought a scroll labelled TAEREADOAL for 33 gold pieces
 18831 | Orc:2    | Bought a scroll of blinking for 247 gold pieces
 18831 | Orc:2    | Acquired a manual of Stealth
 18833 | Orc:2    | Bought a potion of might for 132 gold pieces
 18845 | Orc:2    | Found Nitsauw's General Store.
 18851 | Orc:2    | Bought a scroll of teleportation for 48 gold pieces
 18851 | Orc:2    | Bought a scroll of teleportation for 48 gold pieces
 19150 | Orc:1    | Killed an orc warlord
 19306 | Orc:1    | Reached skill level 19 in Axes
 19567 | Orc:1    | Found a runed translucent gate.
 19567 | Orc:1    | Found a runed translucent gate.
 19567 | Orc:1    | Found a runed translucent gate.
 19599 | Orc:1    | Noticed AzureDraco's ghost (journeyman DsFi)
 19825 | Orc:1    | Killed AzureDraco's ghost
 19826 | Orc:1    | Reached skill level 10 in Armour
 20021 | D:14     | Noticed Josephine
 20392 | D:13     | Reached XP level 15. HP: 85/128 MP: 23/23
 20803 | D:13     | Noticed a tengu reaver
 20958 | D:13     | Killed a tengu reaver
 21084 | D:13     | Noticed a frost giant
 21097 | D:13     | Killed a frost giant
 21229 | D:13     | Killed a storm dragon
 21386 | D:13     | Killed a tengu reaver
 21929 | D:14     | Found a gate to the Vaults.
 21971 | D:14     | Reached skill level 5 in Stealth
 22034 | D:14     | Killed Josephine
 22035 | D:14     | Reached skill level 5 in Dodging
 22472 | D:14     | Found a runed translucent door.
 22608 | D:14     | Found a shimmering blue altar of Sif Muna.
 22767 | D:14     | Noticed antlorb's ghost (journeyman MiFi)
 22873 | D:15     | Entered Level 15 of the Dungeon
 22884 | D:15     | Noticed Rupert
 23045 | D:15     | Found a gate leading to a gauntlet.
 23051 | Gauntlet | Entered a Gauntlet
 23051 | Gauntlet | Found a transporter.
 23051 | Gauntlet | Found a transporter.
 23134 | Gauntlet | Found a transporter.
 23142 | Gauntlet | Found a transporter.
 23142 | Gauntlet | Found a transporter.
 23144 | Gauntlet | Found a transporter.
 23144 | Gauntlet | Found a transporter.
 23145 | Gauntlet | Found a transporter.
 23157 | Gauntlet | Found a transporter.
 23172 | Gauntlet | Found a transporter.
 23182 | Gauntlet | Found a transporter.
 23196 | Gauntlet | Found a transporter.
 23230 | Gauntlet | Found a transporter.
 23238 | Gauntlet | Found a runed translucent door.
 23238 | Gauntlet | Found a runed translucent door.
 23242 | Gauntlet | Found a transporter.
 23373 | Gauntlet | Identified the amulet of Ninefug {Harm rElec rF+ Regen+
                  | Int+3}
 23375 | Gauntlet | Identified the +5 flail "Jeeroack" {venom, Str+2}
 23508 | Gauntlet | Identified the +5 war axe "Koliaz" {spect, Str+8}
 23514 | Gauntlet | Got the Monograph on Damage
 23807 | D:15     | Killed Rupert
 23851 | D:15     | Found a staircase to the Depths.
 24311 | D:14     | Killed antlorb's ghost
 24743 | Lair:3   | Found a hole to the Spider Nest.
 24762 | Lair:3   | Reached XP level 16. HP: 105/138 MP: 25/25
 25383 | Lair:3   | Found a staircase to the Swamp.
 25414 | Swamp:1  | Entered Level 1 of the Swamp
 25983 | Swamp:1  | Reached skill level 15 in Armour
 26933 | Swamp:4  | Entered Level 4 of the Swamp
 26979 | Swamp:4  | Reached skill level 10 in Shields
 27023 | Swamp:4  | Noticed the 27-headed Lernaean hydra
 27025 | Swamp:4  | Killed the 27-headed Lernaean hydra
 27040 | Swamp:4  | Reached skill level 10 in Stealth
 27127 | Swamp:4  | Got a mossy gem with 361 turns to spare
 27129 | Swamp:4  | Got a decaying rune of Zot
 27226 | Swamp:4  | Identified the +2 great sword "Poudiudiun" {flame, +Blink
                  | rF+ Str-2}
 27994 | Swamp:3  | Reached XP level 17. HP: 135/145 MP: 27/27
 28120 | Swamp:3  | Killed from afar by a spriggan druid

Illustrated notes

Levels and vault maps discovered:
D:1:      heliophobic_arrival_ceremonial_halls, layout_basic
D:2:      layout_basic, dreamdust_wishing_well, palyth_stone_intersect
D:3:      layout_loops_ring, general_overflow_altar, uniq_natasha, uniq_sigmund,
          uniq_grinder, uniq_terence
D:4:      layout_basic, mainiacjoe_overflow_concentric_impassable,
          lemuel_crystal_altar
D:5:      layout_gridville, regret_index_xom_buried_treasure,
          amcnicky_altar_gilded, uniq_blork_the_orc, uniq_edmund
D:6:      layout_rooms, kennysheep_decorative_pillar, serial_bayou_lagoon_a
D:7:      minmay_blocky_corners, layout_loops_cross, minmay_temple_entry_tees
D:8:      layout_rooms, chequers_temple_overflow_minitemple, st_stairs_4,
          small_chamber_with_monster, nicolae_two_hexagons, interstate_on_off,
          fountainhead, uniq_jeremiah
D:9:      layout_rooms, zin_academy, lair_entry_dummy
D:10:     layout_cave_pods, mainiacjoe_overflow_catwalk, hiddenorc1_lemuel,
          minivault_5, nzn_sisyphean_effort, uniq_psyche, uniq_gastronok
D:11:     layout_cave_pods, serial_shops, shop_fountains, grunt_ministairs_15
D:12:     layout_long_grid, nicolae_wu_jian_immortal_techniques
D:13:     nicolae_fronds_of_death, layout_irregular_city
D:14:     layout_loops_cross, hellmonk_vaults_order_and_chaos,
          gammafunk_ghost_grave, nicolae_sif_muna_condensation, uniq_josephine
D:15:     hellmonk_depths_entry_around_the_bend, layout_basic, abandoned_shop,
          gauntlet_entry_generic, uniq_rupert
Lair:1:   layout_long_grid
Lair:2:   layout_concentric_octagons
Lair:3:   layout_regular_city, alex1729_swamp_entry_worm_eleionoma,
          hellmonk_spider_entry_not_the_bees, uniq_amaemon
Lair:4:   layout_cave_shapes, ebering_ghost_funeral_grove, lemuel_centaur_altar,
          uniq_sonja
Lair:5:   minmay_lair_end_enchanted_forest, layout_cave_pods,
          minmay_slime_entry_pillars
Swamp:1:  layout_basic_swamp, evilmike_swamp_ruin_rubble_2
Swamp:2:  cheibrodos_swamp_monstrosity, layout_falls_marsh,
          nicolae_swamp_fairy_circle
Swamp:3:  nicolae_swamp_phyte_club, layout_basic_swamp,
          evilmike_swamp_ruin_house_2, swamp_pool_1_2
Swamp:4:  swamp_old_school, layout_basic_swamp, swamp_pool_1_2
Orc:1:    layout_caves, gammafunk_ghost_necromancy
Orc:2:    st_orc_town, layout_caves

Skill      XL: |  1  2  3  4  5  6  7  8  9 10 11 12 13 14 15 16 |
---------------+-------------------------------------------------+-----
Fighting       | 1 2 3 4 5 7 9 10 12 14 15 16 17 | 17.5
Armour         | 1 2 3 4 5 6 7 8 9 10 13 16 | 16.7
Polearms       | 1 2 3 4 |  4.0
Invocations    | 1 2 3 4 5 7 8 10 11 12 13 14 | 14.8
Maces & Flails | 2 |  2.6
Axes           | 1 4 7 9 11 12 15 19 | 19.1
Shields        | 5 6 11 | 11.9
Dodging        | 3 6 |  6.3
Stealth        | 2 7 10 | 10.8
Spellcasting   | |  1.3
Conjurations   | |  0.6
Alchemy        | |  2.1

Action                     |  1- 3 |  4- 6 |  7- 9 | 10-12 | 13-15 | 16-18 || total
---------------------------+-------+-------+-------+-------+-------+-------++-------
  Melee: Unarmed           |    17 |       |       |       |       |       ||    17
         Punch             |     2 |     2 |     7 |    23 |       |       ||    34
         Spear             |    74 |   104 |     1 |       |       |       ||   179
         Headbutt          |     3 |     8 |    46 |    94 |   249 |    71 ||   471
         Whip              |       |       |    36 |       |       |       ||    36
         Hand axe          |       |       |   181 |   313 |       |       ||   494
         Broad axe         |       |       |       |   117 |   927 |   259 ||  1303
         Morningstar       |       |       |       |     2 |    38 |       ||    40
  Throw: Dart              |       |       |     9 |     5 |    15 |     1 ||    30
         Throwing net      |       |       |       |       |     1 |       ||     1
   Cast: Sting             |     4 |    26 |     1 |       |       |       ||    31
         Mercury Vapours   |       |     2 |     1 |     1 |       |       ||     4
         Mephitic Cloud    |       |       |     1 |       |       |       ||     1
 Invoke: Ancestor Life: He |       |       |     1 |       |       |       ||     1
         Recall Ancestor   |       |       |     5 |     4 |     7 |       ||    16
         Idealise          |       |       |       |       |    13 |     2 ||    15
  Evoke: Wand              |       |       |     6 |    11 |    24 |     1 ||    42
         Tin of tremorston |       |       |       |       |     2 |     3 ||     5
         Phantom mirror    |       |       |       |       |     1 |     1 ||     2
         Sack of spiders   |       |       |       |       |     1 |       ||     1
         Lightning rod     |       |       |       |       |       |     1 ||     1
    Use: Scroll            |     5 |     3 |     8 |    11 |    19 |    14 ||    60
         Potion            |     3 |     4 |     6 |     6 |    10 |     8 ||    37
   Stab: Sleeping          |     2 |     3 |     6 |     1 |       |       ||    12
         Distracted        |       |     1 |     3 |     6 |    12 |     8 ||    30
         Confused          |       |       |     5 |     5 |    17 |     4 ||    31
         Invisible         |       |       |     1 |     3 |     2 |       ||     6
         Paralysed         |       |       |       |       |    20 |    17 ||    37
 Armour: Robe              |    42 |    34 |    60 |       |       |       ||   136
         Skin              |     3 |    15 |       |    27 |       |       ||    45
         Leather armour    |       |       |    64 |    14 |       |       ||    78
         Scale mail        |       |       |       |   165 |   383 |       ||   548
         Storm dragon scal |       |       |       |       |   170 |   222 ||   392
  Dodge: Dodged            |    49 |    37 |   125 |   278 |   535 |   168 ||  1192
  Block: Buckler           |       |       |       |    23 |   435 |   140 ||   598
         Reflection        |       |       |       |       |    29 |     3 ||    32

Table legend: (Time is in decaauts)
 A = Elapsed time spent in this place.
 B = Non-inter-level travel time spent in this place.
 C = Inter-level travel time spent in this place.
 D = Time resting spent in this place.
 E = Time spent auto-exploring this place.
 F = Levels seen in this place.
 G = Mean time per level.
                   A        B        C        D        E       F      G
               +--------+--------+--------+--------+--------+-----+--------+
         Total |  27923 |  25881 |   2042 |   2486 |  16468 |  27 | 1034.2 |
       Dungeon |  17155 |  15538 |   1617 |   1231 |  10353 |  15 | 1143.7 |
          Lair |   5733 |   5442 |    291 |    451 |   3641 |   5 | 1146.6 |
         Swamp |   2418 |   2343 |     75 |    487 |   1068 |   4 |  604.5 |
  Orcish Mines |   2137 |   2079 |     58 |    219 |   1208 |   2 | 1068.5 |
      Gauntlet |    478 |    478 |      0 |     98 |    197 |   1 |  478.0 |
               +--------+--------+--------+--------+--------+-----+--------+

Top non-repeatable levels by time:
    D:13: 2245 daAuts
    D:10: 1850 daAuts
  Lair:5: 1644 daAuts
     D:7: 1410 daAuts
    D:12: 1353 daAuts
   Orc:2: 1238 daAuts
  Lair:3: 1225 daAuts
 Swamp:1: 1159 daAuts
    D:11: 1126 daAuts
     D:6: 1095 daAuts
     D:3: 1066 daAuts
     D:8: 1033 daAuts
  Lair:2: 993 daAuts
  Lair:4: 969 daAuts
     D:5: 936 daAuts
